 Dungeon Crawl Stone Soup version 0.27-a0-286-g37e0bc138e (webtiles) character file.

Game seed: 9568971140440904680

7 Eemo the Grave Robber (level 1, 0/13 HPs)
             Began as a Mummy Necromancer on Feb 8, 2021.
             Slain by a jackal (2 damage)
             ... on level 1 of the Dungeon.
             The game lasted 00:06:06 (455 turns).

Eemo the Grave Robber (Mummy Necromancer)            Turns: 455, Time: 00:06:06

Health: 0/13       AC:  2    Str: 11    XL:     1   Next: 91%
Magic:  4/4        EV: 12    Int: 14    God:
Gold:   37         SH:  0    Dex: 12    Spells: 4/5 levels left

rFire    x . .     SeeInvis .   (no weapon)
rCold    + . .     Faith    .   (no shield)
rNeg     + + +     Spirit   .   a - +0 robe
rPois    ∞         Reflect  .   (no helmet)
rElec    .         Harm     .   (no cloak)
rCorr    .         Rampage  .   (no gloves)
Will     .....                  (no boots)
Stlth    ++........             (no amulet)
HPRegen  0.04/turn              (no ring)
MPRegen  0.09/turn              (no ring)

@: no status effects
A: no potions, fire vulnerability, cold resistance 1, negative energy resistance
3, torment resistance, unbreathing
a: no special abilities


You were on level 1 of the Dungeon.
You visited 1 branch of the dungeon, and saw 1 of its levels.

You collected 37 gold pieces.

Inventory:

Hand Weapons
 b - a +0 dagger
 e - a +0 hand axe
 f - a +0 dagger
Missiles
 g - 11 poisoned darts
 i - 31 stones
Armour
 a - a +0 robe (worn)
 h - a +0 robe
 j - a +0 leather armour
Potions
 c - a potion of curing {unknown}
 d - a potion of cancellation {unknown}
 k - a potion of magic {unknown}


   Skills:
 + Level 1.5 Dodging
 + Level 1.7 Stealth
 + Level 2.8 Spellcasting
 + Level 4.2 Necromancy


You had 4 spell levels left.
You knew the following spells:

 Your Spells              Type           Power        Failure   Level
a - Pain                  Necr           52%          3%          1

Your spell library contained the following spells:

 Spells                   Type           Power        Failure   Level
 Animate Skeleton         Necr           26%          3%          1
 Vampiric Draining        Necr           6%           12%         3
 Animate Dead             Necr           6%           36%         4
 Agony                    Necr           13%          71%         5


Dungeon Overview and Level Annotations

Branches:
Dungeon (1/15)

Altars:


Innate Abilities, Weirdness & Mutations

You do not drink.
Your flesh is vulnerable to fire.
You are immune to poison.
Your flesh is cold resistant. (rC+)
You are immune to negative energy. (rN+++)
You are immune to unholy pain and torment.
You can survive without breathing.


Message History

The jackal closely misses you. The jackal misses you.
The jackal closely misses you.
The jackal bites you but does no damage.
The jackal closely misses you.
You open the door. The jackal misses you. The rat barely misses you.
The jackal misses you.
There is an open door here.
The jackal barely misses you. The jackal misses you.
The jackal bites you but does no damage.
You are too injured to fight recklessly!
You are too injured to fight recklessly!
The jackal barely misses you.
The jackal pauses to sniff the ground.
The jackal bites you.
* * * LOW HITPOINT WARNING * * *
The jackal barely misses you. The jackal bites you.
You die...

....#.#.####...
#.#.#.#.#
#.#.#..g# #
........#.#
#.#.###r#.#
#.......#
#######h#######
......h........
#######@#######
#.......#
#.#####.# ...
#.# #.# #.# #.#


You could see 2 jackals, a hobgoblin and a rat.

Vanquished Creatures
  A goblin (D:1)
  3 jackals (D:1)
  A kobold (D:1)
  2 rats (D:1)
7 creatures vanquished.

Notes
Turn   | Place    | Note
-------+----------+-------------------------------------------
     0 | D:1      | Eemo the Mummy Necromancer began the quest for the Orb.
     0 | D:1      | Reached XP level 1. HP: 13/13 MP: 4/4
   455 | D:1      | Slain by a jackal

Illustrated notes

Levels and vault maps discovered:
D:1:      minmay_arrival_jagged, layout_basic

Action                   || total
-------------------------++-------
Melee: Unarmed           ||    24
 Cast: Pain              ||    13
Armor: Robe              ||     4
Dodge: Dodged            ||    41

Table legend: (Time is in decaauts)
 A = Elapsed time spent in this place.
 B = Non-inter-level travel time spent in this place.
 C = Inter-level travel time spent in this place.
 D = Time resting spent in this place.
 E = Time spent auto-exploring this place.
 F = Levels seen in this place.
 G = Mean time per level.
                   A        B        C        D        E       F      G
               +--------+--------+--------+--------+--------+-----+--------+
         Total |    455 |    194 |    261 |      0 |     73 |   1 |  455.0 |
       Dungeon |    455 |    194 |    261 |      0 |     73 |   1 |  455.0 |
               +--------+--------+--------+--------+--------+-----+--------+

Top non-repeatable levels by time:
     D:1: 455 daAuts
